AoeStats
← audi

Arabia

510141367Analyzed
3v3 RM · 2d ago on Sep 29, 2026· 44m 11s· 6 players
Game mode
Random Map
Map size
Normal (6 player)
Population
200
Speed
Normal
Resources
Standard
Victory
Conquest
Starting age
Dark Age
Ending age
Imperial Age
RankedLock teamsTeams togetherTeam positionsShared explorationLock speedFull tech treeHidden civsTurbo modeCheats
Victory
Defeat
🇹🇷 Magyars · Türkiye
1140
+16
🇹🇷 Huns · Türkiye
1126
+17
🇹🇷 Britons · Türkiye
1099
+18
🇧🇪 Franks · Belgium
1192
-18
🇩🇪 Romans · Germany
1132
-17
🇳🇮 Byzantines · Nicaragua
1119
-16
Janissaryyy
0:52 Loom
10:45 Feudal Age
13:46 Scale Barding Armor
14:36 Bloodlines
15:08 Town Watch
15:05 Horse Collar
20:42 Double-Bit Axe
23:22 Wheelbarrow
23:35 Gold Mining
26:28 Castle Age
26:25 Fletching
29:04 Husbandry
29:34 Heavy Plow
29:49 Bow Saw
36:46 Stone Mining
38:26 Gold Shaft Mining
38:47 Hand Cart
38:34 Town Patrol
42:12 Imperial Age
40:15 Chain Barding Armor
39:57 Treadmill Crane
40:16 Bodkin Arrow
40:44 Ballistics
40:35 Masonry
40:20 Murder Holes
41:49 Light Cavalry
42:15 Cavalier
43:32 Plate Barding Armor
42:58 Bracer
43:32 Crop Rotation
44:04 Two-Man Saw
44:22 Chemistry
43:57 Paladin
audi
2:51 Loom
10:30 Feudal Age
11:48 Double-Bit Axe
15:10 Wheelbarrow
15:12 Fletching
15:42 Padded Archer Armor
19:16 Horse Collar
22:07 Castle Age
20:43 Forging
21:06 Scale Mail Armor
22:52 Squires
22:13 Pikeman
22:56 Heavy Plow
25:18 Chain Mail Armor
25:16 Arson
25:45 Bow Saw
26:28 Bodkin Arrow
28:28 Town Watch
28:52 Crossbowman
30:55 Scale Barding Armor
31:16 Husbandry
32:07 Iron Casting
33:16 Gold Mining
36:18 Chain Barding Armor
37:07 Hand Cart
37:32 Gold Shaft Mining
42:59 Leather Archer Armor
Timber
6:50 Loom
9:44 Feudal Age
13:17 Fletching
19:22 Horse Collar
20:21 Double-Bit Axe
22:46 Padded Archer Armor
25:03 Castle Age
25:09 Elite Skirmisher
25:48 Bodkin Arrow
26:13 Bow Saw
25:55 Gold Mining
26:21 Bloodlines
28:03 Gold Shaft Mining
28:54 Thumb Ring
30:44 Ballistics
34:39 Leather Archer Armor
35:14 Wheelbarrow
35:04 Husbandry
40:58 Heavy Plow
47:04 Imperial Age
44:22 Town Watch
FDTD
9:08 Feudal Age
7:25 Loom
10:02 Double-Bit Axe
10:06 Horse Collar
19:05 Wheelbarrow
22:42 Castle Age
21:18 Man-at-Arms
22:27 Scale Mail Armor
23:53 Chain Mail Armor
23:00 Long Swordsman
23:40 Squires
41:50 Pikeman
msandoval
6:30 Loom
9:19 Feudal Age
16:09 Fletching
TheHofmeister
7:41 Loom
10:08 Feudal Age
10:44 Double-Bit Axe
14:09 Scale Barding Armor
21:51 Castle Age
19:52 Gold Mining
21:24 Forging
22:52 Bow Saw
23:06 Chain Barding Armor
24:07 Wheelbarrow
24:24 Husbandry
28:33 Pikeman
30:04 Stone Mining
30:19 Scale Mail Armor
31:52 Iron Casting
31:48 Chain Mail Armor
32:54 Fletching
35:10 Bodkin Arrow
38:31 Imperial Age
36:19 Hand Cart
36:30 Ballistics
36:12 Elite Skirmisher
36:56 Padded Archer Armor
41:06 Leather Archer Armor
41:52 Chemistry
41:03 Masonry
40:49 Cavalier
Connection lost

Rejoining the realm…

Still unreachable

The connection could not be restored.

Session expired

The server has moved on; the page needs a fresh start.